 Dungeon Crawl Stone Soup version 0.31-a0-963-ga325b2283a (webtiles) character file.

Game seed: 16155175319852752647

5742 LeprechaunX the Mimic (level 10, -34/62 HPs)
             Began as an Octopode Shapeshifter on Oct 24, 2023.
             Was a Follower of Hepliaklqana.
             Annihilated by a boulder beetle (44 damage)
             ... on level 8 of the Dungeon.
             The game lasted 00:24:59 (10392 turns).

LeprechaunX the Mimic (Octopode Shapeshifter)      Turns: 10392, Time: 00:25:00

Health: -34/62     AC:  1    Str: 18    XL:     10   Next: 77%
Magic:  0/15       EV: 15    Int: 13    God:    Hepliaklqana [*.....]
Gold:   705        SH:  5    Dex: 17    Spells: 16/16 levels left

rFire   . .          .
                       - Unarmed
rCold   + . .        F - +0 buckler
rNeg    . . .        (helmet currently unavailable)
rPois   .            h - amulet of guardian spirit
rElec   .            i - ring of protection from cold
rCorr   .            r - +6 ring of dexterity
SInv    .            (no ring)
Will    .....        (no ring)
Stlth   +++          (no ring)
HPRegen 0.30/turn    (no ring)
MPRegen 0.14/turn    (no ring)
                     (no ring)

%: guardian spirit
@: beast-form, studying Throwing
A: beast (slay +4), reduced essence, almost no armour, amphibious, 8 rings,
camouflage 1, gelatinous body 1, (nimble swimmer 1), tentacles
a: Begin Untransformation, Renounce Religion, Recall Ancestor, Ancestor Identity


You were on level 8 of the Dungeon.
You worshipped Hepliaklqana.
Hepliaklqana was aware of your devotion.
You were a hulking beast.
You visited 2 branches of the dungeon, and saw 9 of its levels.
You also visited: Sewer and Bailey.

You collected 705 gold pieces.

Inventory:

Hand Weapons
 L - a +0 shortbow
Missiles
 q - 2 javelins (quivered)
 u - 2 curare-tipped darts
 B - a throwing net
 G - 6 boomerangs
Armour
 j - an orb of light
 F - a +0 buckler (worn)
Jewellery
 h - an amulet of guardian spirit (around mantle)
 i - a ring of protection from cold (left tentacle)
 r - a +6 ring of dexterity (right tentacle)
Talismans
 b - a beast talisman
 c - a flux talisman
Wands
 K - a wand of mindburst (16)
Scrolls
 e - a scroll of revelation {unknown}
 f - 4 scrolls of blinking {unknown}
 g - 5 scrolls of identify
 k - 2 scrolls of immolation
 l - a scroll of vulnerability {unknown}
 n - 2 scrolls of enchant armour {unknown}
 s - 6 scrolls of teleportation {unknown}
 t - 2 scrolls of torment {unknown}
 w - 2 scrolls of fog {unknown}
 x - 2 scrolls of fear {unknown}
 y - 2 scrolls of noise {unknown}
 I - 2 scrolls of enchant weapon {unknown}
 J - a scroll of amnesia {unknown}
Potions
 a - a potion of lignification
 d - 7 potions of curing
 m - a potion of might
 o - 4 potions of enlightenment
 p - 5 potions of haste
 v - a potion of resistance {unknown}
 z - 2 potions of mutation {unknown}
 A - 3 potions of brilliance
 C - a potion of berserk rage {unknown}
 D - 4 potions of cancellation {unknown}
 E - a potion of experience
 H - 4 potions of heal wounds {unknown}


   Skills:
 + Level 6.3 Fighting
 + Level 3.3 Throwing
 - Level 5.0 Dodging
 + Level 4.3 Shields
 + Level 6.1 Unarmed Combat
 - Level 3.8 Spellcasting
 + Level 4.1 Invocations
 + Level 4.2 Evocations
 * Level 8.8 Shapeshifting


You had 16 spell levels left.
You didn't know any spells.
Your spell library contained the following spells:

 Spells                   Type           Power      Damage    Failure   Level
 Shock                    Conj/Air       8%         1d3       26%         1
 Slow                     Hex            8%         N/A       26%         1
 Confusing Touch          Hex            2%         N/A       61%         3
 Sigil of Binding         Hex            2%         N/A       61%         3
 Swiftness                Air            2%         N/A       61%         3
 Vampiric Draining        Necr           2%         2d6       61%         3
 Airstrike                Air            1%         2d(1-17)  95%         4
 Summon Lightning Spire   Summ/Air       2%         N/A       95%         4
 Lee's Rapid Deconstruct  Erth           1%         3d4*      100%        5
 Animate Armour           Summ/Erth      Unusable   N/A       N/A         4

Dungeon Overview and Level Annotations

Branches:
Dungeon (8/15)             Temple (1/1) D:7           Sewer (visited)
 Bailey (visited)
   Lair: D:8-11

Altars:
Ashenzari
Cheibriados
Dithmenos
Fedhas
Gozag
Hepliaklqana
Kikubaaqudgha
Makhleb
Nemelex Xobeh
Qazlal
Ru
Sif Muna
Trog
Uskayaw
Yredelemnul
Zin
The Shining One


Innate Abilities, Weirdness & Mutations

You are a hulking beast.
Your limbs bulge with bestial killing power. (Slay +4)
Your life essence is reduced to manifest your ancestor. (-10% HP)
You cannot wear most types of armour.
You are amphibious.
You can wear up to eight rings at the same time.
Your skin changes colour to match your surroundings (Stealth+).
Your rubbery body absorbs attacks. (AC +1, EV +1)
((You are camouflaged when in or above water. (Stealth+)))
You have tentacles for arms and can constrict up to eight enemies at once.


Message History

Unknown command.
Throw: 4 javelins
Press: ? - help, Q - select action, (/) - cycle Shift-Dir - straight line, f - boulder beetle
Aim: a boulder beetle (asleep, 98% to hit)
You throw a javelin.
The javelin pierces through the boulder beetle but does no damage.
A blink frog comes into view.
A centaur warrior comes into view.
The boulder beetle curls into a ball and begins rolling!
Unknown command.
Throw: 3 javelins
Press: ? - help, Q - select action, (/) - cycle Shift-Dir - straight line, f/p - boulder beetle
Aim: a boulder beetle (rolling, ally target, 91% to hit)
You throw a javelin. Mbali avoids your attack.
The javelin pierces through the blink frog!
The blink frog is heavily wounded.
The javelin barely misses the boulder beetle.
The javelin pierces through the centaur warrior!
The centaur warrior is moderately wounded.
The boulder beetle hits Mbali!
The boulder beetle stops rolling and uncurls.
The centaur warrior wields a +0 shortbow.
The centaur warrior shoots an arrow.
The arrow hits Mbali!!
Something bites Mbali!!
Mbali is destroyed!
The blink frog attacks as it pursues you!
The blink frog hits you.
The blink frog blinks!
The centaur warrior shoots an arrow.
The arrow closely misses you.
The centaur warrior shoots an arrow.
The arrow hits you!!
The boulder beetle curls into a ball and begins rolling!
The centaur warrior shoots an arrow.
The arrow misses you.
The centaur warrior shoots an arrow.
The arrow hits you!
The centaur warrior shoots an arrow.
The arrow hits you!!
* * * LOW HITPOINT WARNING * * *
The centaur warrior shoots an arrow.
The arrow hits you!
* * * LOW HITPOINT WARNING * * *
The blink frog blinks!
There is a stone staircase leading up here.
The blink frog changes into a harpy!
The boulder beetle hits you!!!
Ouch! That really hurt!
You die...

#....#..#.#.....#
##......#.#...#.#
####.#..#.#...#.##..#
#.............#.##..#
#######.......#.##..
#...........#.##.# ##
#.###.....H.#.##.####..
#.# #.......#..........
#.# #.hB°.c.#.........#
#.#####.§°..#........##
#....................#
##########.###^......#
#.......# #...°°○○#.
##.###..# #.....#B○. #
...........#...
###.###.....#.$.
..........#...


You could see a boulder beetle (rolling), a centaur warrior and a harpy shaped
shifter.

Vanquished Creatures
  An orc warlord (Bailey)
  An orc knight (Bailey)
  A shadow (D:8)
  4 vampire mosquitoes (D:8)
  2 water moccasins
  An ice beast (D:6)
  6 orc warriors
  2 black bears
  4 centaurs
  2 ogres
  A phantom (D:4)
  2 bullfrogs
  A gnoll sergeant (D:7)
  6 kobold brigands
  2 scorpions
  3 wights (D:7)
  A gnoll bouda (D:7)
  7 orc priests
  8 hounds
  2 jellies (D:6)
  3 iguanas (D:5)
  8 orc wizards
  17 gnolls
  13 adders
  2 river rats (Sewer)
  2 white imps
  3 dart slugs
  40 orcs
  4 ball pythons
  4 bats
  2 endoplasms (D:2)
  7 giant cockroaches
  7 goblins
  14 hobgoblins
  31 kobolds
  7 quokkas
  13 frilled lizards
  11 rats
245 creatures vanquished.

Vanquished Creatures (others)
  An ancestor (D:8)
1 creature vanquished.

Grand Total: 246 creatures vanquished

Notes
Turn   | Place    | Note
-------+----------+-------------------------------------------
     0 | D:1      | LeprechaunX the Octopode Shapeshifter began the quest for
                  | the Orb.
     0 | D:1      | Reached XP level 1. HP: 13/13 MP: 1/1
   174 | D:1      | Reached XP level 2. HP: 18/18 MP: 2/2
   938 | D:2      | Reached XP level 3. HP: 23/23 MP: 3/3
  1002 | D:2      | Found a faded altar of an unknown god.
  1134 | D:2      | Reached XP level 4. HP: 23/29 MP: 2/5
  1296 | D:2      | Found a stormy altar of Qazlal.
  1307 | D:2      | Identified the +3 spear of the Conjuring Puffin {flame,
                  | Fragile rC++ Int+5}
  1411 | D:3      | Reached skill level 1 in Spellcasting
  1415 | D:3      | Reached skill level 4 in Shapeshifting
  1415 | D:3      | Reached XP level 5. HP: 26/34 MP: 4/6
  1604 | D:3      | Found a glowing drain.
  1610 | Sewer    | Entered a sewer
  1613 | Sewer    | Noticed a kobold brigand
  1632 | Sewer    | Killed a kobold brigand
  1681 | Sewer    | Reached XP level 6. HP: 32/40 MP: 5/8
  1968 | Sewer    | Reached XP level 7. HP: 41/45 MP: 7/10
  2766 | D:4      | Reached skill level 5 in Shapeshifting
  3169 | D:4      | Found a burning altar of Makhleb.
  3550 | D:5      | Entered Level 5 of the Dungeon
  3647 | D:5      | Reached XP level 8. HP: 38/52 MP: 9/12
  4360 | D:5      | Reached skill level 6 in Shapeshifting
  4747 | D:6      | Reached skill level 5 in Unarmed Combat
  5263 | D:6      | Reached skill level 1 in Shields
  5276 | D:6      | Reached XP level 9. HP: 53/59 MP: 14/14
  5352 | D:6      | Reached skill level 5 in Dodging
  5685 | D:6      | Found a blossoming altar of Fedhas.
  6032 | D:7      | Found a staircase to the Ecumenical Temple.
  6038 | Temple   | Entered the Ecumenical Temple
  6064 | Temple   | Became a worshipper of Hepliaklqana the Forgotten
  6139 | D:7      | Reached skill level 7 in Shapeshifting
  6149 | D:7      | Reached skill level 1 in Invocations
  6156 | D:7      | Reached skill level 1 in Evocations
  6222 | D:7      | Found a flagged portal.
  6315 | Bailey   | Entered a bailey
  6340 | Bailey   | Noticed an orc warlord
  6530 | Bailey   | Reached skill level 5 in Fighting
  6534 | Bailey   | Found a runed translucent gate.
  6562 | Bailey   | Noticed an orc knight
  6563 | Bailey   | Found a runed translucent gate.
  6563 | Bailey   | Found a runed translucent gate.
  6717 | Bailey   | Killed an orc knight
  7509 | Bailey   | HP: 3/61 [orc warlord/+4 battleaxe (24)]
  7594 | Bailey   | Killed an orc warlord
  7595 | Bailey   | Reached skill level 8 in Shapeshifting
  7595 | Bailey   | Reached XP level 10. HP: 25/68 MP: 9/15
  8339 | D:6      | Reached skill level 1 in Throwing
 10139 | D:8      | HP: 1/68 [vampire mosquito (5)]
 10361 | D:8      | Reached * piety under Hepliaklqana
 10374 | D:8      | Found the +13 scythe of Curses {drain, curses, Drain}
 10375 | D:8      | Noticed a boulder beetle
 10376 | D:8      | Noticed a centaur warrior
 10392 | D:8      | a blink frog changed into a harpy
 10392 | D:8      | Noticed a harpy (shapeshifter)
 10392 | D:8      | Annihilated by a boulder beetle

Illustrated notes

Levels and vault maps discovered:
D:1:      denvon_arrival_planthouse, layout_basic, nicolae_figureground_sparkle
D:2:      layout_basic, basic_altar, hellmonk_ecumenical_altar_blasted
D:3:      layout_rooms, gup_sewer_entry_bowl, mrwooster_statue_mirror,
          serial_park_tiny_2
D:4:      layout_loops_ring, makhleb_heckhound_becter,
          kennysheep_generic_room_14, uniq_crazy_yiuf_cottage
D:5:      minmay_inner_zag, layout_cave_pools, minmay_hedge_maze
D:6:      layout_basic, mainiacjoe_overflow_alcove_2,
          chequers_serial_rivers_micro_e
D:7:      kennysheep_housing_project, layout_gridville,
          minmay_temple_entry_enclosed_plants, enter_bailey_3, minivault_22
D:8:      layout_basic, serial_bayou_lagoon_a, minmay_radiant
Temple:   compressed_dpeg_circular_temple

Skill      XL: |  1  2  3  4  5  6  7  8  9 10 |
---------------+-------------------------------+-----
Spellcasting   | 1 2 3 |  3.8
Fighting       | 2 3 4 5 6 |  6.3
Shapeshifting  | 4 5 6 8 |  8.8
Dodging        | 3 4 5 |  5.0
Unarmed Combat | 4 5 6 |  6.1
Shields        | 1 3 4 |  4.3
Invocations    | 3 4 |  4.1
Evocations     | 3 4 |  4.2
Throwing       | 3 |  3.3

Action                     |  1- 3 |  4- 6 |  7- 9 | 10-12 || total
---------------------------+-------+-------+-------+-------++-------
  Melee: Unarmed           |    50 |    91 |   280 |   149 ||   570
         Constrict         |    14 |    28 |    67 |    40 ||   149
         Tentacles         |    14 |    20 |    61 |    44 ||   139
         Punch             |     2 |     5 |     7 |     6 ||    20
  Throw: Javelin           |       |       |    16 |     2 ||    18
         Boomerang         |       |       |   154 |       ||   154
         Dart              |       |       |     3 |       ||     3
         Throwing net      |       |       |     2 |       ||     2
  Evoke: Wand              |       |       |     6 |       ||     6
    Use: Potion            |       |       |     4 |       ||     4
         Scroll            |       |       |     3 |       ||     3
   Stab: Sleeping          |     8 |     8 |    12 |       ||    28
         Distracted        |       |       |     2 |     1 ||     3
         Invisible         |       |       |     1 |       ||     1
 Armour: Skin              |    15 |    38 |   181 |   104 ||   338
  Dodge: Dodged            |    25 |    52 |   163 |   104 ||   344
  Block: Buckler           |       |       |    30 |    39 ||    69

Table legend: (Time is in decaauts)
 A = Elapsed time spent in this place.
 B = Non-inter-level travel time spent in this place.
 C = Inter-level travel time spent in this place.
 D = Time resting spent in this place.
 E = Time spent auto-exploring this place.
 F = Levels seen in this place.
 G = Mean time per level.
                   A        B        C        D        E       F      G
               +--------+--------+--------+--------+--------+-----+--------+
         Total |  10407 |  10125 |    282 |   1443 |   6109 |  11 |  946.1 |
       Dungeon |   8082 |   7850 |    232 |   1067 |   5296 |   8 | 1010.2 |
        Temple |     52 |      2 |     50 |      0 |      0 |   1 |   52.0 |
         Sewer |    736 |    736 |      0 |      0 |    396 |   1 |  736.0 |
        Bailey |   1535 |   1535 |      0 |    376 |    417 |   1 | 1535.0 |
               +--------+--------+--------+--------+--------+-----+--------+

Top non-repeatable levels by time:
     D:7: 1780 daAuts
     D:6: 1736 daAuts
  Bailey: 1535 daAuts
     D:5: 1084 daAuts
     D:4: 981 daAuts
     D:1: 930 daAuts
   Sewer: 736 daAuts
     D:8: 614 daAuts
     D:3: 539 daAuts
     D:2: 415 daAuts
  Temple: 52 daAuts
